 Dungeon Crawl Stone Soup version 0.29.1-13-g9f3cf754e1 (webtiles) character file.

Game seed: 3714738426814772646

90190 nightchill the Severer (level 15, -21/144 (146) HPs)
             Began as a Minotaur Fighter on Jan 22, 2023.
             Was an Elder of Zin.
             Killed from afar by a deep elf zephyrmancer (35 damage)
             ... with a bolt of lightning
             ... on level 1 of the Elven Halls.
             The game lasted 02:01:38 (40025 turns).

nightchill the Severer (Minotaur Fighter)          Turns: 40025, Time: 02:01:39

HP:   -21/144 (146) AC: 18    Str: 27    XL:     15   Next: 51%
MP:   23/23         EV: 24    Int:  5    God:    Zin [****..]
Gold: 483           SH: 10    Dex: 11    Spells: 14/14 levels left

rFire   + . .      SeeInvis .   b - +0 broad axe
rCold   . . .      Faith    .   T - +0 kite shield
rNeg    . . .      Spirit   .   i - +0 plate armour {Will+}
rPois   +          Reflect  .   F - +2 hat
rElec   .          Harm     .   J - scarf {shadows}
rCorr   .          Rampage  .   X - +0 pair of gloves
Will    ++...                   (no boots)
Stlth   ..........              I - amulet of the acrobat
HPRegen 0.34/turn               q - ring of protection from fire
MPRegen 0.18/turn               O - ring of poison resistance

@: marked, acrobatic, lightly drained
A: horns 2, retaliatory headbutt
a: Renounce Religion, Recite, Vitalisation, Imprison, Donate Gold


You were on level 1 of the Elven Halls.
You worshipped Zin.
Zin was greatly pleased with you.
You visited 7 branches of the dungeon, and saw 26 of its levels.
You also visited: Ossuary and Gauntlet.

You collected 2569 gold pieces.
You spent 1830 gold pieces at shops.
You donated 256 gold pieces to Zin.

Inventory:

Hand Weapons
 a - a +1 war axe of freezing
 b - a +0 broad axe (weapon)
 s - a +1 war axe
 w - a +0 hand axe of flaming
 x - a +0 broad axe
 C - a +2 shortbow of freezing
Missiles
 r - 2 throwing nets (quivered)
Armour
 i - a +0 plate armour of willpower (worn)
 F - a +2 hat (worn)
 J - a scarf of shadows (worn)
 T - a +0 kite shield (worn)
 X - a +0 pair of gloves (worn)
Magical Staves
 n - a staff of air
Jewellery
 e - a ring of fire
 q - a ring of protection from fire (left hand)
 I - an amulet of the acrobat (around neck)
 N - a ring of see invisible
 O - a ring of poison resistance (right hand)
 Q - the ring "Saocsoh" {rPois rC++ Will- rCorr Int-5}
   (You found it on level 14 of the Dungeon)

   [ring of resist corrosion]

   Int:       It affects your intelligence (-5).
   rC:        It greatly protects you from cold.
   rPois:     It protects you from poison.
   rCorr:     It protects you from acid and corrosion.
   Will:      It decreases your willpower.
 S - a ring of fire
Wands
 t - a wand of flame (33)
 D - a wand of digging (11)
 G - a wand of paralysis (14)
 M - a wand of roots (4)
 U - a wand of quicksilver (5)
Scrolls
 d - 2 scrolls of enchant weapon
 f - a scroll of magic mapping
 g - 3 scrolls of noise
 k - 15 scrolls of teleportation
 m - 5 scrolls of vulnerability
 o - 4 scrolls of poison
 p - a scroll of identify
 u - 6 scrolls of enchant armour
 v - 4 scrolls of fog
 y - 2 scrolls of blinking
 B - 2 scrolls of silence
 R - 2 scrolls of summoning
 V - a scroll of fear
Potions
 c - 2 potions of resistance
 h - a potion of magic
 j - 7 potions of curing
 l - 5 potions of attraction
 A - a potion of might
 E - a potion of berserk rage
 K - 2 potions of brilliance
 L - a potion of flight
 P - a potion of invisibility


   Skills:
 + Level 16.9 Fighting
 - Level 18.0 Axes
 - Level 12.0 Armour
 - Level 9.2 Dodging
 * Level 9.2 Shields
 - Level 13.2 Invocations


You had 14 spell levels left.
You didn't know any spells.
Your spell library contained the following spells:

 Spells                   Type           Power      Damage    Failure   Level
 Apportation              Tloc           0%         N/A       100%        1
 Magic Dart               Conj           0%         1d3       100%        1
 Sting                    Tmut/Pois      0%         1d3       100%        1
 Call Imp                 Summ           0%         N/A       100%        2
 Poisonous Vapours        Pois/Air       0%         N/A       100%        2
 Call Canine Familiar     Summ           0%         N/A       100%        3
 Confusing Touch          Hex            0%         N/A       100%        3
 Gell's Gravitas          Tloc           0%         N/A       100%        3
 Mephitic Cloud           Conj/Pois/Air  0%         N/A       100%        3
 Portal Projectile        Hex/Tloc       0%         N/A       100%        3
 Teleport Other           Tloc           0%         N/A       100%        3
 Anguish                  Hex/Necr       0%         N/A       100%        4
 Leda's Liquefaction      Hex/Erth       0%         N/A       100%        4
 Olgreb's Toxic Radiance  Pois           0%         N/A       100%        4
 Summon Ice Beast         Ice/Summ       0%         N/A       100%        4
 Alistair's Intoxication  Tmut/Pois      0%         N/A       100%        5
 Borgnjor's Vile Clutch   Necr/Erth      0%         N/A       100%        5
 Summon Forest            Summ/Tloc      0%         N/A       100%        5
 Summon Mana Viper        Hex/Summ       0%         N/A       100%        5
 Yara's Violent Unravell  Hex/Tmut       0%         3d3       100%        5
 Dispersal                Tloc           0%         N/A       100%        6
 Eringya's Noxious Bog    Tmut/Pois      0%         N/A       100%        6
 Summon Cactus Giant      Summ           0%         N/A       100%        6
 Enfeeble                 Hex            0%         N/A       100%        7
 Haunt                    Necr/Summ      0%         N/A       100%        7
 Monstrous Menagerie      Summ           0%         N/A       100%        7
 Ozocubu's Refrigeration  Ice            0%         4d7       100%        7
 Ignition                 Fire           0%         3d3       100%        8


Dungeon Overview and Level Annotations

Branches:
Dungeon (15/15)            Temple (1/1) D:4            Lair (5/5) D:8
 Shoals (1/4) Lair:2       Spider (1/4) Lair:2        Slime (0/5) Lair:4
    Orc (2/2) D:10            Elf (1/3) Orc:2        Vaults (0/5) D:13
 Depths (0/4) D:15        Ossuary (visited)         Gauntlet (visited)

Altars:
Cheibriados
Dithmenos
Fedhas
Gozag
Hepliaklqana
Kikubaaqudgha
Qazlal
Ru
Trog
Vehumet
Wu Jian
Yredelemnul
Zin
The Shining One

Shops:
D:7 :?**[[   D:8 !   D:9 [   D:13 !   D:15 !   Orc:2 [=*(   Elf:1 ?

Annotations:
D:3 1 runed translucent door, Crazy Yiuf
D:7 exclusions: downstairs and 1 more exclusion
D:9 exclusion: 3 doors
D:12 exclusion: downstairs
D:13 exclusion: door
Lair:1 3 runed translucent doors, exclusion: basilisk, Macvisuc's ghost, journeyman HOCA
Lair:2 1 exclusion
Lair:4 exclusion: 2 downstairs
Orc:1 3 runed translucent doors, exclusion: downstairs, Cuetow's ghost, journeyman HOFi


Innate Abilities, Weirdness & Mutations

You have a pair of horns on your head.
You reflexively headbutt those who attack you in melee.


Message History

The deep elf zephyrmancer shouts!
You hear a shout!
The deep elf zephyrmancer moves out of view.
You hear a shout! x2
A deep elf zephyrmancer comes into view.
It is wielding a +0 long sword.
Found 2 stones.
The deep elf zephyrmancer shouts!
A sourceless malevolence fills the Elven Halls...
With a horrendous wail, an alarm goes off!
A sentinel's mark forms upon you.
You hear a shout! x16
The deep elf zephyrmancer casts a spell at you.
The bolt of lightning misses you.
There is an entrance to Melithyu's Magic Scroll Shop here.
You closely miss the deep elf zephyrmancer.
You headbutt the deep elf zephyrmancer!!
The deep elf zephyrmancer is heavily wounded.
The deep elf zephyrmancer hits you but does no damage.
You slash the deep elf zephyrmancer!
The deep elf zephyrmancer is heavily wounded.
The deep elf zephyrmancer points at you and mumbles some strange words.
The bolt of lightning misses you.
You hit the deep elf zephyrmancer. You headbutt the deep elf zephyrmancer!
You kill the deep elf zephyrmancer!
You feel much better.
A deep elf knight comes into view. It is wielding a +0 long sword.
Things that are here:
a +0 long sword; an elf corpse The deep elf zephyrmancer attacks as you move away!
You block the deep elf zephyrmancer's attack.
The deep elf knight casts a spell.
The deep elf knight seems to speed up.
The deep elf zephyrmancer gestures at you while chanting.
The bolt of lightning hits you!!
* * * LOW HITPOINT WARNING * * *
The bolt of lightning hits you!
* * * LOW HITPOINT WARNING * * *
A deep elf pyromancer comes into view. It is wielding a +0 long sword.
The deep elf zephyrmancer gestures at you while chanting.
The bolt of lightning hits you!!
You die...

........#
.......
..... ...
#e# #.#
#####.######
#....∩ee...#
#.##...###@#
...###.##.#
#..# #....
...# #...#
##. .#..# #
.##..# #
#e.#


You could see a deep elf knight (fast), a deep elf pyromancer and a deep elf
zephyrmancer.

Vanquished Creatures
  Rupert (Lair:3)
  2 orc warlords (Orc:1)
  Louise (D:15)
  4 spriggan zombies (D:15)
  3 boulder beetles
  A catoblepas (Lair:2)
  5 centaur warriors
  9 hydras
  5 two-headed ogres
  A dancing weapon (Orc:2)
  3 tengu warriors
  A merfolk avatar (Lair:5)
  A vampire mage (D:15)
  6 orc high priests
  Urug (Orc:2)
  Nergalle (D:12)
  A pharaoh ant (Spider:1)
  2 deep elf knights
  An orb spider (Spider:1)
  3 skeletal warriors
  2 deep elf pyromancers
  A necromancer (D:15)
  4 orc knights
  4 harpies
  4 deep elf zephyrmancers
  5 orc sorcerers
  4 manticores
  11 ugly things
  6 elephants (Lair:5)
  3 cyclopes
  2 merfolk sirens (Shoals:1)
  7 black mambas
  6 cane toads
  A torpor snail (Lair:2)
  4 centaur skeletons (D:13)
  5 rime drakes
  3 komodo dragons (Lair:5)
  2 unseen horrors
  7 yaktaurs
  A kobold demonologist (D:7)
  3 tengu conjurers
  3 meliai (D:14)
  A hornet (Lair:4)
  4 trolls
  4 polar bears
  2 tarantellas (Spider:1)
  6 slime creatures (D:14)
  2 blink frogs
  A culicivora (shapeshifter) (D:14)
  A jumping spider (Lair:2)
  4 water elementals
  2 culicivoras
  2 shadows
  A spriggan (shapeshifter) (D:14)
  A wraith (D:9)
  7 wyverns
  2 fire elementals (Elf:1)
  32 yaks
  A vampire (D:9)
  4 steam dragons
  A hog (shapeshifter) (D:14)
  5 redbacks
  Grum (D:8)
  A basilisk (shapeshifter) (D:13)
  9 basilisks
  15 vampire mosquitoes
  8 wargs
  An acid dragon (D:12)
  23 water moccasins
  A swamp drake (Orc:1)
  2 black bears
  34 orc warriors
  2 ice beasts
  2 sky beasts
  10 ogres
  8 wolves
  8 centaurs
  A phantom (D:5)
  A kobold brigand (D:8)
  An elf zombie (Ossuary)
  An earth elemental (Elf:1)
  7 bullfrogs
  3 gnoll sergeants
  A necrophage (D:6)
  4 scorpions
  5 wights (D:8)
  28 killer bees
  2 howler monkeys
  5 electric eels
  A lava snake (D:9)
  A centaur zombie (Ossuary)
  A crimson imp (Orc:1)
  3 human zombies (Ossuary)
  2 hounds
  An iron imp (Orc:1)
  A gnoll bouda (D:7)
  17 orc priests
  2 jellies
  Terence (D:3)
  4 iguanas
  25 orc wizards
  2 mummies (Ossuary)
  18 gnolls
  6 adders
  A shadow imp (Orc:1)
  2 white imps
  An ufetubus (D:6)
  An adder zombie (Ossuary)
  A worm (D:3)
  4 dart slugs
  77 orcs
  5 ball pythons
  3 endoplasms
  7 giant cockroaches
  8 goblins
  4 hobgoblins
  8 jackals
  A quokka (D:4)
  2 bats
  3 frilled lizards
  2 goblin zombies (Ossuary)
  10 hobgoblin zombies (Ossuary)
  A jackal zombie (Ossuary)
  9 kobolds
  8 kobold zombies (Ossuary)
  8 orc zombies (Ossuary)
  3 rats
  2 rat zombies (Ossuary)
663 creatures vanquished.

Vanquished Creatures (others)
  A deep elf archer (Elf:1)
  A wolf spider (Spider:1)
  A tarantella (Spider:1)
  A water elemental (Elf:1)
  An orc (Orc:1)
  37 fungi
  3 pillars of salt
  59 plants
  15 withered plants (D:15)
119 creatures vanquished.

Grand Total: 782 creatures vanquished

Notes
Turn   | Place    | Note
-------+----------+-------------------------------------------
     0 | D:1      | nightchill the Minotaur Fighter began the quest for the
                  | Orb.
     0 | D:1      | Reached XP level 1. HP: 19/19 MP: 0/0
   219 | D:1      | Reached skill level 3 in Axes
   219 | D:1      | Reached XP level 2. HP: 27/27 MP: 1/1
   638 | D:2      | Found a faded altar of an unknown god.
  1421 | D:3      | Reached XP level 3. HP: 31/33 MP: 2/2
  1463 | D:3      | Noticed Terence
  1481 | D:3      | Killed Terence
  1482 | D:3      | Reached skill level 4 in Axes
  1769 | D:3      | Noticed a black bear
  1778 | D:3      | Killed a black bear
  1779 | D:3      | Reached skill level 5 in Fighting
  1779 | D:3      | Reached skill level 5 in Axes
  1779 | D:3      | Reached XP level 4. HP: 28/42 MP: 3/3
  1779 | D:3      | Reached XP level 5. HP: 33/48 MP: 4/4
  2295 | D:3      | Found a runed translucent door.
  2296 | D:3      | Noticed Crazy Yiuf
  2442 | D:3      | Found an ornate altar of the Wu Jian Council.
  2880 | D:4      | Reached skill level 6 in Axes
  3051 | D:4      | Noticed a black bear
  3081 | D:4      | Reached XP level 6. HP: 54/56 MP: 5/5
  3158 | D:4      | Reached skill level 7 in Axes
  3454 | D:4      | Reached XP level 7. HP: 63/63 MP: 6/6
  3529 | D:4      | Found a staircase to the Ecumenical Temple.
  3539 | Temple   | Entered the Ecumenical Temple
  3543 | Temple   | Became a worshipper of Zin the Law-Giver
  3543 | Temple   | Reached * piety under Zin
  3565 | D:4      | Reached skill level 8 in Axes
  3969 | D:5      | Entered Level 5 of the Dungeon
  4009 | D:5      | Reached skill level 1 in Invocations
  4449 | D:5      | Found a sand-covered staircase.
  4482 | Ossuary  | Entered an ossuary
  4491 | Ossuary  | Reached ** piety under Zin
  4667 | Ossuary  | Reached skill level 9 in Axes
  4667 | Ossuary  | Reached XP level 8. HP: 73/73 MP: 8/8
  4714 | Ossuary  | Reached *** piety under Zin
  5543 | D:6      | Reached skill level 10 in Axes
  6629 | D:7      | Reached XP level 9. HP: 57/82 MP: 11/11
  6629 | D:7      | Noticed a kobold demonologist
  6635 | D:7      | Noticed an ice devil
  6637 | D:7      | Killed a kobold demonologist
  6638 | D:7      | Reached skill level 11 in Axes
  6892 | D:7      | Noticed a two-headed ogre
  6901 | D:7      | Killed a two-headed ogre
  6902 | D:7      | Reached skill level 5 in Invocations
  7272 | D:7      | Reached skill level 12 in Axes
  7544 | D:7      | Found Ozxiatza's Antique Armour Shoppe.
  7714 | D:7      | Reached **** piety under Zin
  8651 | D:8      | Found Taget's Distillery.
  8667 | D:8      | Reached XP level 10. HP: 83/91 MP: 12/14
  8787 | D:8      | Noticed Grum
  8799 | D:8      | Zin protects you from harm!
  9170 | D:8      | Killed Grum
  9330 | D:8      | Found a basalt altar of Yredelemnul.
  9346 | D:8      | Found a staircase to the Lair.
  9368 | D:8      | Reached skill level 13 in Axes
  9449 | D:8      | Reached skill level 10 in Fighting
 10520 | D:7      | Found Juagulai's General Store.
 10521 | D:7      | Found Tabe's Armour Boutique.
 10521 | D:7      | Found Ozestred's Assorted Antiques.
 10521 | D:7      | Found Seka's Magic Scroll Boutique.
 10521 | D:7      | Found Ytodug's Book Shoppe.
 10971 | D:9      | Noticed a two-headed ogre
 10976 | D:9      | Killed a two-headed ogre
 10977 | D:9      | Reached skill level 14 in Axes
 11278 | D:9      | Reached XP level 11. HP: 84/101 MP: 16/16
 11696 | D:9      | Reached ***** piety under Zin
 11813 | D:9      | Found Uraboev's Antique Armour Shoppe.
 11823 | D:9      | Found a hazy altar of Hepliaklqana.
 11838 | D:9      | Found a sacrificial altar of Ru.
 11840 | D:9      | Found an ancient bone altar of Kikubaaqudgha.
 11988 | D:9      | Found a shadowy altar of Dithmenos.
 11989 | D:9      | Found a stormy altar of Qazlal.
 12108 | D:10     | Entered Level 10 of the Dungeon
 12797 | D:10     | Found a staircase to the Orcish Mines.
 13338 | Orc:1    | Entered Level 1 of the Orcish Mines
 13623 | Orc:1    | Reached skill level 15 in Axes
 13824 | D:10     | Reached skill level 10 in Invocations
 14458 | Orc:1    | Found a runed translucent gate.
 14458 | Orc:1    | Found a runed translucent gate.
 14458 | Orc:1    | Found a runed translucent gate.
 14477 | Orc:1    | Reached ****** piety under Zin
 14710 | Orc:1    | Found an opulent altar of Gozag.
 14711 | Orc:1    | Noticed Cuetow's ghost (journeyman HOFi)
 14784 | Orc:1    | Noticed a deep elf zephyrmancer
 14789 | Orc:1    | Noticed a deep elf zephyrmancer
 14792 | Orc:1    | Killed a deep elf zephyrmancer
 14800 | Orc:1    | Killed a deep elf zephyrmancer
 15008 | Orc:2    | Entered Level 2 of the Orcish Mines
 15008 | Orc:2    | Found a staircase to the Elven Halls.
 15009 | Orc:2    | Noticed an orc sorcerer
 15020 | Orc:2    | Noticed an orc high priest
 15023 | Orc:1    | Killed an orc sorcerer
 15122 | Orc:2    | Noticed a sixfirhy
 15164 | Orc:2    | Noticed an orc high priest
 15533 | Orc:1    | Killed an orc high priest
 15563 | Orc:2    | Reached XP level 12. HP: 110/112 MP: 19/19
 15618 | Orc:2    | Found Vuanieme's Antique Armour Shoppe.
 15636 | Orc:2    | Killed an orc high priest
 15637 | Orc:2    | Reached skill level 16 in Axes
 16323 | Orc:2    | Noticed an orc warlord
 16351 | Orc:1    | Killed an orc warlord
 16695 | Orc:2    | Noticed an orc warlord
 16882 | Orc:1    | Killed an orc warlord
 17146 | Orc:2    | Noticed an orc high priest
 17841 | Orc:2    | Killed an orc high priest
 17908 | Orc:2    | Noticed an orc high priest
 17923 | Orc:2    | Killed an orc high priest
 18033 | Orc:2    | Reached skill level 17 in Axes
 18119 | Orc:2    | Noticed an orc high priest
 18309 | Orc:2    | Killed an orc high priest
 18314 | Orc:2    | Noticed an orc high priest
 18327 | Orc:2    | Killed an orc high priest
 18374 | Orc:2    | Noticed Urug
 18604 | Orc:2    | Killed Urug
 18605 | Orc:2    | Reached skill level 5 in Armour
 18932 | Orc:2    | Found Elluasch's Jewellery Shoppe.
 19154 | Orc:2    | Found Madal's Antique Weapon Shoppe.
 19190 | Orc:2    | Found Unupnas's General Store.
 19391 | Orc:2    | Bought an amulet of the acrobat for 390 gold pieces
 19526 | D:8      | Bought a potion of haste for 140 gold pieces
 19526 | D:8      | Bought 2 potions of heal wounds for 140 gold pieces
 19599 | D:7      | Bought a +0 pair of boots of rampaging for 138 gold pieces
 19613 | D:7      | Bought a scroll of teleportation for 39 gold pieces
 19613 | D:7      | Bought a scroll of blinking for 97 gold pieces
 19613 | D:7      | Bought a scroll of teleportation for 39 gold pieces
 19784 | Orc:2    | Bought a runed scarf for 264 gold pieces
 19925 | Lair:1   | Entered Level 1 of the Lair of Beasts
 20052 | Lair:1   | Found a runed translucent gate.
 20053 | Lair:1   | Found a runed translucent gate.
 20054 | Lair:1   | Found a runed translucent gate.
 20054 | Lair:1   | Noticed Macvisuc's ghost (journeyman HOCA)
 20055 | Lair:1   | Noticed a ten-headed hydra
 20398 | Lair:1   | Noticed a boulder beetle
 20422 | Lair:1   | Killed a boulder beetle
 21005 | Lair:2   | Noticed a six-headed hydra
 21016 | Lair:2   | Killed a three-headed hydra
 21017 | Lair:2   | Reached skill level 5 in Shields
 21017 | Lair:2   | Reached XP level 13. HP: 101/119 MP: 18/21
 21317 | Lair:2   | Found a hole to the Spider Nest.
 21621 | Lair:2   | Found a staircase to the Shoals.
 23044 | Lair:3   | Reached skill level 1 in Dodging
 23106 | Lair:3   | Reached skill level 18 in Axes
 23625 | Lair:3   | Found the +8 whip "Snakebite" {venom, curare, rPois}
 25140 | Lair:4   | Noticed Rupert
 25157 | Lair:4   | Paralysed by Rupert for 4 turns
 25189 | Lair:3   | Killed Rupert
 26290 | Lair:4   | Found a staircase to the Slime Pits.
 26456 | Lair:4   | Reached skill level 10 in Armour
 26908 | Lair:5   | Entered Level 5 of the Lair of Beasts
 27946 | Lair:5   | Reached skill level 5 in Dodging
 28022 | Lair:5   | Reached XP level 14. HP: 126/132 MP: 22/22
 29635 | Orc:2    | Bought a ring of see invisible for 195 gold pieces
 29635 | Orc:2    | Bought a ring of poison resistance for 260 gold pieces
 30947 | D:12     | Noticed Nergalle
 30954 | D:12     | Killed Nergalle
 31075 | D:12     | Reached skill level 15 in Fighting
 32164 | D:13     | Found a gate leading to a gauntlet.
 32169 | Gauntlet | Entered a Gauntlet
 32170 | Gauntlet | Noticed a reaper
 32175 | Gauntlet | Found a transporter.
 32183 | Gauntlet | Found a transporter.
 32184 | Gauntlet | Found a transporter.
 33498 | D:13     | Found a gate to the Vaults.
 33562 | D:13     | Found Afaeteej's Distillery.
 33570 | D:13     | Bought a potion of might for 72 gold pieces
 33640 | D:14     | Identified the +2 scale mail of Godwaad {-Tele Rampage
                  | rPois Dex+5}
 33669 | D:14     | Identified the ring "Saocsoh" {rPois rC++ Will- rCorr
                  | Int-5}
 33809 | D:14     | You fall into a shaft and drop 1 floor!
 33809 | D:15     | Entered Level 15 of the Dungeon
 34865 | D:15     | Found Icuukax's Distillery.
 34896 | D:14     | Reached XP level 15. HP: 84/144 MP: 23/23
 35516 | D:15     | Bought a potion of might for 56 gold pieces
 36209 | D:15     | Got Sif Muna's Volume of Beckoning
 36221 | D:15     | Noticed Louise
 36307 | D:15     | Killed Louise
 37355 | D:15     | Found a staircase to the Depths.
 38111 | Shoals:1 | Entered Level 1 of the Shoals
 38642 | Spider:1 | Entered Level 1 of the Spider Nest
 39101 | Lair:2   | Zin protects you from harm!
 39648 | Elf:1    | Entered Level 1 of the Elven Halls
 40014 | Elf:1    | Found Melithyu's Magic Scroll Shop.
 40025 | Elf:1    | Killed from afar by a deep elf zephyrmancer

Illustrated notes

Levels and vault maps discovered:
D:1:      shiori_shiawase, layout_basic, serial_bayou_lake_a
D:2:      layout_basic, ebering_ecumenical_altar_petrified,
          wander_ebering_terrifying_dragon_lair
D:3:      wander_river, layout_basic, nzn_wu_jian_contemplation,
          uniq_crazy_yiuf_cottage, uniq_terence
D:4:      layout_cave_pods, minmay_temple_entry_statues_fountains
D:5:      layout_basic, nicolae_ossuary_entry_false_entrances
D:6:      layout_loops_ring
D:7:      layout_gridville, nicolae_wooded_promenade, hangedman_glass_teeth,
          grunt_ogre_cave, solitary_fountain, st_stairs_4, grunt_decor_arrowhead
D:8:      layout_basic, overflow_temple_1_default, minmay_lair_entry_grove,
          serial_shops, shop, nicolae_figureground_pulse, uniq_grum
D:9:      layout_roguey, minitemple, serial_shops, nicolae_shop_behind_doors,
          chequers_jeans, kennysheep_cluttered_room,
          hangedman_abyss_or_decor_stabs
D:10:     layout_loops_ring, david_orc_3
D:11:     layout_cave_pods
D:12:     layout_roguey, nooodl_orcs_dogs, uniq_nergalle
D:13:     layout_irregular_city, hangedman_vaults_entry_quadrant_bands,
          serial_shops, nicolae_lakefront_shop, gauntlet_entry_generic
D:14:     layout_basic, minivault_25
D:15:     gammafunk_depths_entry_grave, layout_basic, serial_shops, shop_statue,
          uniq_louise
Temple:   nicolae_temple_bog_church
Lair:1:   layout_loops_ring, gammafunk_ghost_hydra_chop, disabler_island
Lair:2:   layout_chaotic_city, shoals_dummy_entry,
          nicolae_spider_entry_tight_spaces, hangedman_lair_generics_rect,
          infiniplex_staircase_pool_2
Lair:3:   minmay_guarded_unrand_snakebite, layout_cave_pods, patterned_corridor,
          serial_bayou_shore_b, serial_bayou_shore_b
Lair:4:   layout_roguey, slime_entry_1, uniq_rupert
Lair:5:   gammafunk_lair_ancient_temple, layout_long_grid
Shoals:1: layout_shoals, nicolae_shop_self_help
Spider:1: layout_spider_delve
Orc:1:    layout_caves, ebering_ghost_gozag, hangedman_minor_magic
Orc:2:    grunt_orc_gardens, layout_caves, grunt_orc_garden, grunt_orc_garden,
          grunt_orc_garden, grunt_orc_garden, statue_in_the_mist_lemuel,
          uniq_urug
Elf:1:    layout_loops_ring, serial_shops, shop, minivault_28,
          not_door_vault_mu, st_stairs_3, columned_hall_lemuel,
          minmay_elf_demonology

Skill      XL: |  1  2  3  4  5  6  7  8  9 10 11 12 13 14 15 |
---------------+----------------------------------------------+-----
Axes           | 3 5 6 7 9 10 12 14 15 17 18 | 18.0
Fighting       | 4 5 6 7 8 9 10 11 12 14 16 | 16.9
Invocations    | 2 4 6 8 10 12 13 | 13.2
Armour         | 6 10 12 | 12.0
Shields        | 5 9 |  9.2
Dodging        | 5 8 9 |  9.2

Action                   |  1- 3 |  4- 6 |  7- 9 | 10-12 | 13-15 || total
-------------------------+-------+-------+-------+-------+-------++-------
Melee: War axe           |    53 |    89 |   253 |   684 |   953 ||  2032
       Headbutt          |    11 |    13 |    47 |   145 |   261 ||   477
       Hand axe          |       |       |       |     5 |    53 ||    58
       Broad axe         |       |       |       |       |    56 ||    56
Throw: Throwing net      |       |       |       |     3 |     1 ||     4
Invok: Recite            |       |       |    12 |    32 |    34 ||    78
       Vitalisation      |       |       |     2 |    13 |    18 ||    33
       Imprison          |       |       |       |     1 |     1 ||     2
       Sanctuary         |       |       |       |       |     5 ||     5
Evoke: Wand              |       |       |       |     4 |     4 ||     8
  Use: Potion            |     2 |       |     2 |     1 |     9 ||    14
       Scroll            |       |     5 |     7 |     9 |    11 ||    32
 Stab: Invisible         |       |       |       |     5 |       ||     5
       Held in net/web   |       |       |       |     2 |     1 ||     3
       Paralysed         |       |       |       |    24 |     8 ||    32
       Confused          |       |       |       |     6 |     7 ||    13
Armor: Scale mail        |    30 |     8 |       |       |       ||    38
       Chain mail        |       |    45 |    78 |       |       ||   123
       Plate armour      |       |       |    51 |   215 |   500 ||   766
Dodge: Dodged            |    23 |    38 |    67 |   143 |   498 ||   769
Block: Buckler           |     9 |    21 |    37 |   144 |   240 ||   451
       Kite shield       |       |       |       |       |   143 ||   143
